 Dungeon Crawl Stone Soup version 0.28.0-47-ge53b351184 (webtiles) character file.

Game seed: 12640745973777102541

26040 Cykl0x the Geomancer (level 13, -1/73 HPs)
             Began as a Gargoyle Earth Elementalist on Apr 27, 2022.
             Was a High Priest of Vehumet.
             Slain by a slime creature (11 damage)
             ... on level 13 of the Dungeon on Apr 28, 2022.
             The game lasted 00:36:22 (15614 turns).

Cykl0x the Geomancer (Gargoyle Earth Elementalist) Turns: 15614, Time: 00:36:22

Health: -1/73      AC: 26    Str: 17    XL:     13   Next: 23%
Magic:  23/28      EV: 12    Int: 26    God:    Vehumet [*****.]
Gold:   892        SH:  0    Dex: 23    Spells: 9/35 levels left

rFire   . . .      SeeInvis .   j - +7 mace "Dassunn" {venom, Str+4 Int+6}
rCold   . . .      Faith    .   (no shield)
rNeg    + . .      Spirit   .   m - +1 ring mail
rPois   ∞          Reflect  .   M - +1 helmet "Areh" {rC- Will+ Dex+4}
rElec   +          Harm     .   K - +1 cloak
rCorr   .          Rampage  ∞   s - +0 pair of fencer's gloves {Riposte Dex+3}
Will    +....                   q - +3 pair of seven-league boots {Rampage+∞}
Stlth   ++........              F - amulet of magic regeneration
HPRegen 0.22/turn               n - ring of protection from cold
MPRegen 0.61/turn               L - +6 ring of dexterity

@: no status effects
A: sickness immunity, AC +9, negative energy resistance 1, electricity
resistance, torment resistance 1, petrification resistance
a: Renounce Religion


You were on level 13 of the Dungeon.
You worshipped Vehumet.
Vehumet was extremely pleased with you.
You visited 2 branches of the dungeon, and saw 14 of its levels.
You also visited: Bailey.

You collected 1240 gold pieces.
You spent 348 gold pieces at shops.

Inventory:

Hand Weapons
 a - a +0 whip
 h - a +3 quarterstaff of chaos
 j - the +7 mace "Dassunn" (weapon) {venom, Str+4 Int+6}
   (You found it on level 2 of the Dungeon)

   It poisons the flesh of those it strikes.
   Str:       It affects your strength (+4).
   Int:       It affects your intelligence (+6).
Missiles
 c - 222 stones
 E - 4 throwing nets
Armour
 m - a +1 ring mail (worn)
 q - the +3 pair of seven-league boots (worn) {Rampage+∞}
   (You found it on level 5 of the Dungeon)

   Its wearer moves as far as possible in that direction when moving towards
   enemies.
 s - the +0 pair of fencer's gloves (worn) {Riposte Dex+3}
   (You acquired it in a bailey)

   It allows the wearer to riposte with melee weapons, swiftly retaliating
   against missed attacks.
   Dex:       It affects your dexterity (+3).
 K - a +1 cloak (worn)
 M - the +1 helmet "Areh" (worn) {rC- Will+ Dex+4}
   (You bought it in a shop on level 12 of the Dungeon)

   Dex:       It affects your dexterity (+4).
   rC:        It makes you vulnerable to cold.
   Will:      It increases your willpower.
Jewellery
 f - the amulet of the Air {Inacc Air Fly rElec RMsl}
   (You found it on level 2 of the Dungeon)

   [amulet of nothing]

   It reduces the accuracy of all your attacks.
   It enhances your air magic.
   rElec:     It insulates you from electricity.
   Fly:       It grants you flight.
   RMsl:      It protects you from missiles.
 i - a ring of protection from fire
 n - a ring of protection from cold (left hand)
 w - a ring of wizardry
 F - an amulet of magic regeneration (around neck)
 H - a ring of fire
 J - a ring of fire
 L - a +6 ring of dexterity (right hand)
 O - a ring of willpower
Wands
 b - a wand of digging (5)
 r - a wand of flame (23)
 y - a wand of acid (12)
 B - a wand of charming (5)
 C - a wand of paralysis (10)
 I - a wand of iceblast (11)
Scrolls
 d - 3 scrolls of enchant armour
 e - 8 scrolls of fear
 p - 3 scrolls of enchant weapon
 u - 2 scrolls of fog
 v - 3 scrolls of teleportation
 z - 2 scrolls of blinking
Potions
 g - 5 potions of berserk rage
 k - 3 potions of might
 l - 2 potions of lignification
 o - 3 potions of mutation
 t - a potion of brilliance {unknown}
 x - a potion of haste
 A - a potion of attraction {unknown}
 D - 3 potions of curing
 G - a potion of degeneration {unknown}
 N - a potion of heal wounds


   Skills:
 * Level 5.6 Fighting
 + Level 5.0 Maces & Flails
 + Level 5.2 Armour
 + Level 3.0 Dodging
 - Level 2.1 Stealth
 + Level 11.5 Spellcasting
 * Level 11.0 Conjurations
 - Level 0.7 Transmutations
 + Level 0.6 Fire Magic
 + Level 2.3 Air Magic
 + Level 13.8 Earth Magic
 + Level 3.1 Poison Magic
 + Level 0.7 Evocations


You had 9 spell levels left.
You knew the following spells:

 Your Spells              Type           Power      Damage    Failure   Level
a - Sandblast             Erth           100%       2d20      0%          1
b - Stone Arrow           Conj/Erth      100%       3d13      1%          3
c - Shock                 Conj/Air       100%       1d9       1%          1
d - Mephitic Cloud        Conj/Pois/Air  43%        N/A       1%          3
e - Olgreb's Toxic Radia  Pois           31%        N/A       5%          4
f - Flame Wave            Conj/Fire      45%        2d10      1%          4
g - Ignite Poison         Fire/Tmut/Pois 22%        N/A       3%          3
h - Passwall              Tmut/Erth      43%        N/A       1%          2
i - Lightning Bolt        Conj/Air       24%        1d40      3%          5

Your spell library contained the following spells:

 Spells                   Type           Power      Damage    Failure   Level
 Conjure Flame            Conj/Fire      45%        6-21      1%          3
 Sticky Flame             Conj/Fire      45%        2d6       1%          4
 Petrify                  Tmut/Erth      52%        N/A       3%          4
 Leda's Liquefaction      Hex/Erth       25%        N/A       4%          4
 Animate Skeleton         Necr           30%        N/A       7%          1
 Apportation              Tloc           30%        N/A       7%          1
 Summon Small Mammal      Summ           60%        N/A       7%          1
 Freezing Cloud           Conj/Ice/Air   19%        6-21      9%          5
 Call Canine Familiar     Summ           15%        N/A       21%         3
 Ozocubu's Armour         Ice            15%        N/A       21%         3
 Portal Projectile        Hex/Tloc       30%        N/A       21%         3
 Metabolic Englaciation   Hex/Ice        7%         N/A       88%         5
 Simulacrum               Ice/Necr       7%         N/A       100%        6
 Ozocubu's Refrigeration  Ice            7%         4d6       100%        7
 Ignition                 Fire           9%         3d5       100%        8


Dungeon Overview and Level Annotations

Branches:
Dungeon (13/15)            Temple (1/1) D:5            Lair (0/6) D:8
    Orc (0/2) D:12         Vaults (0/5) D:13         Bailey (visited)

Altars:
Cheibriados
Elyvilon
Fedhas
Gozag
Hepliaklqana
Kikubaaqudgha
Makhleb
Nemelex Xobeh
Okawaru
Qazlal
Ru
Sif Muna
Uskayaw
Vehumet
Wu Jian
Yredelemnul
Zin
The Shining One

Shops:
D:8 =*!(!   D:12 [   D:13 *


Innate Abilities, Weirdness & Mutations

You are immune to sickness and miasma.
Your stone body is resilient. (AC +9)
You are immune to poison.
You resist negative energy. (rN+)
You are resistant to electric shocks. (rElec)
You are resistant to unholy torment.
You are immune to petrification.


Message History

The slime creature is almost dead.
The flame wave engulfs the large slime creature!
The large slime creature is severely wounded. (Press . to intensify the flame waves.)
The slime creature misses you.
The slime creature hits you but does no damage.
The large slime creature hits you!
* * * LOW HITPOINT WARNING * * *
A wave of flame ripples out!
The flame wave engulfs the slime creature!
You kill the slime creature!
Vehumet accepts your kill.
You feel your power returning.
The flame wave engulfs the slime creature!
You kill the slime creature!
Vehumet accepts your kill.
You feel your power returning.
The flame wave engulfs the large slime creature.
The large slime creature is severely wounded.
A large slime creature splits.
Unknown command.
A wave of flame ripples out!
The flame wave engulfs the slime creature.
The slime creature is severely wounded.
The flame wave engulfs the slime creature!
The slime creature is almost dead.
The slime creature closely misses you.
You riposte.
You barely miss the slime creature.
The slime creature is almost dead.
The slime creature hits you but does no damage.
Unknown command.
A wave of flame ripples out!
The flame wave engulfs the slime creature.
The slime creature is severely wounded.
The flame wave engulfs the slime creature!
You kill the slime creature!
Vehumet accepts your kill.
You feel your power returning.
You finish channelling waves of flame.
The slime creature hits you!
You die...

#.. ...# #..
...###### #.#
#....... #.#
#....... #.#
#.......
#.#########.......
#.................
#J................
#@..............†.
#.................
#...........######
#...........#.....
#...........#.....
#...####....#.....
#...# #....#.....
#...# #....#.....
#...####....#.....


You could see a slime creature.

Vanquished Creatures
  2 hydras (D:11)
  A centaur warrior (D:13)
  A boulder beetle (D:13)
  An ogre mage (D:13)
  Erica (D:11)
  4 two-headed ogres
  An orc high priest (Bailey)
  A deep elf archer (D:13)
  3 orc knights
  A deep elf zephyrmancer (D:13)
  A cyclops (D:12)
  3 ugly things
  A deep elf pyromancer (D:13)
  A manticore (D:11)
  The ghost of CryoSword the Grappler, a novice VSTm of Kikubaaqudgha (D:4)
  A gargoyle (D:12)
  A kobold demonologist (Bailey)
  A komodo dragon (D:12)
  4 yaktaurs (D:13)
  An efreet (D:12)
  3 trolls
  2 polar bears (D:10)
  4 slime creatures (D:13)
  A shadow (D:12)
  2 wraiths
  A wyvern (D:10)
  A basilisk (shapeshifter) (D:13)
  2 vampire mosquitoes (D:13)
  12 yaks
  The ghost of Bruhh the Magician, an amateur DjTm (D:4)
  3 acid dragons
  A water moccasin (D:9)
  Duvessa (D:6)
  A meliai simulacrum (D:10)
  3 ice beasts
  17 orc warriors
  A black bear (D:6)
  A sky beast (D:5)
  4 boggarts (D:12)
  A necrophage (D:5)
  4 ogres
  A wolf (D:10)
  5 centaurs
  A phantom (D:6)
  A kobold brigand (D:9)
  Blork the orc (D:5)
  7 bullfrogs
  2 gnoll sergeants (D:10)
  5 scorpions
  Dowan (D:6)
  6 killer bees (D:9)
  4 howler monkeys
  4 electric eels (Bailey)
  5 centaur zombies
  A bullfrog zombie (D:5)
  2 hounds
  3 gnoll shamans
  4 orc priests
  Crazy Yiuf (D:2)
  3 bullfrog skeletons
  A centaur skeleton (D:5)
  Terence (D:3)
  An iguana (D:3)
  10 orc wizards
  A scorpion zombie (D:4)
  2 killer bee zombies (D:8)
  2 howler monkey zombies
  30 gnolls
  12 adders
  3 white imps
  3 ufetubi
  5 dart slugs
  40 orcs
  9 ball pythons
  5 bats
  4 endoplasms
  A giant cockroach (D:1)
  11 goblins
  10 hobgoblins
  7 jackals
  7 quokkas
  3 frilled lizards
  10 kobolds
  5 rats
337 creatures vanquished.

Notes
Turn   | Place    | Note
-------+----------+-------------------------------------------
     0 | D:1      | Cykl0x the Gargoyle Earth Elementalist began the quest for
                  | the Orb.
     0 | D:1      | Reached XP level 1. HP: 10/10 MP: 3/3
    71 | D:1      | Reached skill level 4 in Earth Magic
    71 | D:1      | Reached XP level 2. HP: 10/15 MP: 0/5
   571 | D:1      | Reached XP level 3. HP: 19/19 MP: 0/6
   576 | D:1      | Reached skill level 1 in Conjurations
   599 | D:1      | Learned a level 3 spell: Stone Arrow
  1185 | D:2      | Reached XP level 4. HP: 11/24 MP: 0/7
  1498 | D:2      | Found the amulet of the Air {Inacc Air Fly rElec RMsl}
  1681 | D:2      | Found a runed translucent door.
  1682 | D:2      | Noticed Crazy Yiuf
  1687 | D:2      | Killed Crazy Yiuf
  1697 | D:2      | Identified the +7 mace "Dassunn" {venom, Str+4 Int+6}
  2137 | D:3      | Identified the +2 leather armour of the Slightly Bent
                  | {Contam Rampage Str+4}
  2245 | D:3      | Noticed Terence
  2251 | D:3      | Killed Terence
  2252 | D:3      | Reached skill level 5 in Earth Magic
  2252 | D:3      | Reached XP level 5. HP: 28/28 MP: 1/9
  2672 | D:3      | Found a faded altar of an unknown god.
  3293 | D:4      | Reached XP level 6. HP: 25/32 MP: 5/11
  3486 | D:4      | Reached skill level 6 in Earth Magic
  3529 | D:4      | Found a runed translucent gate.
  3530 | D:4      | Found a runed translucent gate.
  3530 | D:4      | Found a runed translucent gate.
  3530 | D:4      | Noticed Bruhh's ghost (amateur DjTm)
  3530 | D:4      | Noticed CryoSword's ghost (novice VSTm)
  3549 | D:4      | Killed CryoSword's ghost
  3550 | D:4      | Reached skill level 1 in Maces & Flails
  3550 | D:4      | Reached XP level 7. HP: 27/37 MP: 6/13
  3555 | D:4      | Killed Bruhh's ghost
  3556 | D:4      | Reached skill level 7 in Earth Magic
  3663 | D:4      | Identified the +5 dagger "Rypny" {antimagic, Int+2 Dex+2}
  4540 | D:4      | Reached XP level 8. HP: 42/42 MP: 11/15
  4715 | D:5      | Entered Level 5 of the Dungeon
  4818 | D:5      | Found a staircase to the Ecumenical Temple.
  4827 | Temple   | Entered the Ecumenical Temple
  4904 | Temple   | Became a worshipper of Vehumet
  4932 | D:5      | Reached skill level 5 in Spellcasting
  4980 | D:5      | Noticed Blork the orc
  4988 | D:5      | Killed Blork the orc
  5219 | D:5      | Found the +3 pair of seven-league boots {Rampage+∞}
  5364 | D:5      | Reached skill level 1 in Armour
  5661 | D:5      | Reached skill level 8 in Earth Magic
  6023 | D:6      | Reached skill level 5 in Conjurations
  6132 | D:6      | Reached XP level 9. HP: 46/46 MP: 13/18
  6132 | D:6      | Reached * piety under Vehumet
  6132 | D:6      | Offered knowledge of Shock by Vehumet.
  6135 | D:6      | Learned a level 1 spell: Shock
  6266 | D:6      | Noticed Duvessa
  6268 | D:6      | Noticed Dowan
  6273 | D:6      | Killed Duvessa
  6277 | D:6      | Killed Dowan
  6685 | D:6      | Learned a level 3 spell: Mephitic Cloud
  6996 | D:6      | Reached skill level 9 in Earth Magic
  7192 | D:7      | Reached skill level 1 in Fighting
  7197 | D:7      | Found a flagged portal.
  7204 | Bailey   | Entered a bailey
  7350 | Bailey   | Noticed an orc knight
  7380 | Bailey   | Killed an orc knight
  7513 | Bailey   | Noticed a kobold demonologist
  7523 | Bailey   | Killed a kobold demonologist
  7622 | Bailey   | Reached skill level 10 in Earth Magic
  7622 | Bailey   | Reached XP level 10. HP: 50/52 MP: 21/21
  7705 | Bailey   | Noticed an orc high priest
  7832 | Bailey   | Noticed an orc knight
  7835 | Bailey   | Reached ** piety under Vehumet
  7838 | Bailey   | Offered knowledge of Freeze by Vehumet.
  7841 | Bailey   | Killed an orc knight
  7877 | Bailey   | Reached skill level 1 in Air Magic
  8090 | Bailey   | Found an iron altar of Okawaru.
  8178 | Bailey   | Killed an orc high priest
  8993 | D:7      | Found a glowing golden altar of the Shining One.
  9109 | D:7      | Offered knowledge of Frozen Ramparts by Vehumet.
  9118 | D:7      | Reached skill level 11 in Earth Magic
  9303 | D:7      | Acquired the +0 pair of fencer's gloves {Riposte Dex+3}
  9303 | D:7      | Found the +0 pair of fencer's gloves {Riposte Dex+3}
  9401 | D:8      | Found Tikeqod's Distillery.
  9406 | D:8      | Found Viseehaq's Weapon Shoppe.
  9409 | D:8      | Bought a potion of heal wounds for 75 gold pieces
  9409 | D:8      | Bought a potion of curing for 45 gold pieces
  9476 | D:8      | Found Gietoheq's Distillery.
  9640 | D:8      | Noticed a two-headed ogre
  9650 | D:8      | Killed a two-headed ogre
  9651 | D:8      | Reached XP level 11. HP: 48/56 MP: 14/24
  9744 | D:8      | Found a staircase to the Lair.
  9794 | D:8      | Found Jon Ziot's General Store.
  9918 | D:8      | Found a basalt altar of Yredelemnul.
 10014 | D:8      | Found Uzoani Visyc's Jewellery Boutique.
 10085 | D:9      | Reached *** piety under Vehumet
 10323 | D:9      | Offered knowledge of Olgreb's Toxic Radiance by Vehumet.
 10329 | D:9      | Learned a level 4 spell: Olgreb's Toxic Radiance
 10969 | D:10     | Entered Level 10 of the Dungeon
 11045 | D:10     | Noticed a two-headed ogre
 11050 | D:10     | Killed a two-headed ogre
 11103 | D:10     | Reached skill level 12 in Earth Magic
 11533 | D:10     | Reached **** piety under Vehumet
 11799 | D:10     | Offered knowledge of Flame Wave by Vehumet.
 11804 | D:10     | Reached skill level 1 in Poison Magic
 11976 | D:11     | Noticed Erica
 11979 | D:11     | Noticed a brown ugly thing
 11980 | D:11     | Killed Erica
 11981 | D:11     | Reached skill level 10 in Spellcasting
 11987 | D:11     | Killed a brown ugly thing
 12090 | D:11     | Noticed a manticore
 12109 | D:11     | Killed a manticore
 12110 | D:11     | Reached XP level 12. HP: 61/62 MP: 20/26
 12150 | D:11     | Noticed a four-headed hydra
 12163 | D:11     | Killed a four-headed hydra
 12166 | D:11     | Reached skill level 10 in Conjurations
 12440 | D:11     | Noticed a six-headed hydra
 12444 | D:11     | Killed a six-headed hydra
 12984 | D:12     | Reached skill level 5 in Armour
 13044 | D:12     | HP: 1/64 [orc warrior/+0 war axe (5)]
 13063 | D:12     | Learned a level 4 spell: Flame Wave
 13067 | D:12     | Learned a level 3 spell: Ignite Poison
 13326 | D:12     | Noticed a two-headed ogre
 13462 | D:12     | Reached skill level 13 in Earth Magic
 13632 | D:12     | Noticed a two-headed ogre
 13640 | D:12     | Killed a two-headed ogre
 13641 | D:12     | Found Nurocw's Antique Armour Boutique.
 13697 | D:12     | Bought a distressingly furry helmet for 228 gold pieces
 13697 | D:12     | Identified the +1 helmet "Areh" {rC- Will+ Dex+4} (You
                  | bought it in a shop on level 12 of the Dungeon)
 13741 | D:12     | Found a staircase to the Orcish Mines.
 13878 | D:12     | Learned a level 2 spell: Passwall
 14112 | D:13     | Noticed a boulder beetle
 14119 | D:13     | Killed a boulder beetle
 14194 | D:13     | Noticed a centaur warrior
 14201 | D:13     | Killed a centaur warrior
 14601 | D:13     | Found Cuxtaev's General Store.
 14897 | D:13     | Noticed a two-headed ogre
 14909 | D:13     | Reached ***** piety under Vehumet
 14910 | D:13     | Killed a two-headed ogre
 14910 | D:13     | Offered knowledge of Lightning Bolt by Vehumet.
 14911 | D:13     | Reached XP level 13. HP: 58/72 MP: 28/28
 14913 | D:13     | Reached skill level 5 in Maces & Flails
 14919 | D:13     | Learned a level 5 spell: Lightning Bolt
 14963 | D:13     | Reached skill level 5 in Fighting
 15342 | D:13     | Found a gate to the Vaults.
 15614 | D:13     | Slain by a slime creature

Illustrated notes

Levels and vault maps discovered:
D:1:      wander_arrival_estate, layout_basic, serial_park_tiny_2
D:2:      minmay_chambers_of_twos, layout_rooms, serial_curves, eino_curves_04,
          eino_curves_04, roderic_roman_lattice, uniq_crazy_yiuf_cottage
D:3:      layout_rooms, basic_ecumenical_altar,
          minmay_fractal_squares_diagonal_5, uniq_terence
D:4:      layout_basic, gammafunk_ghost_cemetery
D:5:      layout_gridville, minmay_temple_entry_offerings, uniq_blork_the_orc
D:6:      layout_basic, uniq_duvessa
D:7:      layout_loops_ring, kennysheep_little_box, enter_bailey_2,
          minmay_crossroads
D:8:      layout_basic, lemuel_zombie_altar_yredelemnul, lair_entry_dummy,
          serial_shops, nicolae_shop_stone, nicolae_shop_trees, shop_statue,
          nicolae_stop_n_shop_2, shop, st_stairs_13
D:9:      nicolae_cairo_tiling, layout_gridville
D:10:     layout_grid_maze, serial_ice, serial_ice_f, serial_ice_c,
          serial_ice_a, serial_ice_g
D:11:     layout_loops_ring, uniq_erica
D:12:     layout_long_grid, david_orc_4, serial_shops, nicolae_diamond_shop,
          due_unseen_surprise
D:13:     layout_stronghold, hangedman_vaults_entry_quadrant_bands,
          serial_shops, shop
Temple:   regret_index_temple_chain_breaker

Skill      XL: |  1  2  3  4  5  6  7  8  9 10 11 12 13 |
---------------+----------------------------------------+-----
Earth Magic    | 4 5 6 7 8 10 11 12 13 | 13.8
Conjurations   | 1 2 3 4 5 6 7 9 10 11 | 11.0
Spellcasting   | 3 4 6 7 9 10 11 | 11.5
Dodging        | 2 3 |  3.0
Maces & Flails | 1 2 4 5 |  5.0
Armour         | 2 3 4 5 |  5.2
Fighting       | 1 4 5 |  5.6
Air Magic      | 1 2 |  2.3
Poison Magic   | 1 2 3 |  3.1
Stealth        | |  2.1
Transmutations | |  0.7
Fire Magic     | |  0.6
Evocations     | |  0.7

Action                   |  1- 3 |  4- 6 |  7- 9 | 10-12 | 13-15 || total
-------------------------+-------+-------+-------+-------+-------++-------
Melee: Dagger            |     7 |       |       |       |       ||     7
       Unarmed           |     2 |       |       |       |       ||     2
       Whip              |    32 |     5 |       |       |       ||    37
       Punch             |     1 |       |       |     1 |       ||     2
       Mace              |       |     4 |    24 |    74 |       ||   102
 Cast: Sandblast         |    39 |    25 |    76 |   176 |    14 ||   330
       Stone Arrow       |     4 |    30 |    47 |   102 |    10 ||   193
       Shock             |       |       |    10 |    65 |       ||    75
       Mephitic Cloud    |       |       |     2 |    10 |       ||    12
       Olgreb's Toxic Ra |       |       |       |    13 |     6 ||    19
       Ignite Poison     |       |       |       |     4 |     2 ||     6
       Passwall          |       |       |       |     2 |       ||     2
       Lightning Bolt    |       |       |       |       |     9 ||     9
       Flame Wave        |       |       |       |       |     2 ||     2
Evoke: Wand              |       |       |     5 |     3 |       ||     8
  Use: Scroll            |     1 |     6 |     3 |     7 |       ||    17
       Potion            |       |       |       |     2 |       ||     2
 Stab: Confused          |       |       |       |     1 |       ||     1
Armor: Robe              |    25 |     4 |     2 |       |       ||    31
       Ring mail         |       |       |    28 |   119 |     6 ||   153
Dodge: Dodged            |    50 |    11 |    28 |   132 |    12 ||   233
       Rpst.: Mace       |       |       |       |    20 |     2 ||    22
